 Dungeon Crawl Stone Soup version 0.30-a0-672-gc3a7216ad8 (console) character file.

Game seed: 13847537731246342109

1211 petzl the Sneak (level 8, -8/66 HPs)
             Began as a Formicid Delver on Jan 18, 2023.
             Mangled by a white ugly thing (22 damage)
             ... on level 15 of the Dungeon on Jan 20, 2023.
             The game lasted 00:30:10 (5538 turns).

petzl the Sneak (Formicid Delver)                   Turns: 5538, Time: 00:30:11

Health: -8/66      AC: 10    Str: 21    XL:     8   Next: 74%
Magic:  15/17      EV: 11    Int: 11    God:
Gold:   83         SH:  5    Dex: 14    Spells: 18/19 levels left

rFire   . . .      SeeInvis +    b - +2 shortbow
rCold   . . .      Faith    .    (no shield)
rNeg    . . .      Spirit   .    j - +0 ring mail
rPois   .          Reflect  +    (helmet unavailable)
rElec   .          Harm     .    p - +0 cloak
rCorr   .          Rampage  .    k - +2 pair of gloves
Will    .....      Clarity  +    i - +0 pair of boots
Stlth   +++                      h - amulet of reflection
HPRegen 0.31/turn                (no ring)
MPRegen 0.15/turn                (no ring)

@: no status effects
A: permanent stasis, dig shafts and tunnels, antennae 3, four strong arms,
clarity, robust 1, strong 1
a: Dig, Shaft Self


You were on level 15 of the Dungeon.
You visited 1 branch of the dungeon, and saw 14 of its levels.

You collected 347 gold pieces.
You spent 264 gold pieces at shops.

Inventory:

Hand Weapons
 a - a +1 heavy hand axe {!f =f}
 b - a +2 shortbow (weapon)
 y - the +6 shortbow "Jellyslayer" {heavy, rPois Str+3 Int+3 Dex+7}
   (You bought it in a shop on level 13 of the Dungeon)

   Str:       It affects your strength (+3).
   Int:       It affects your intelligence (+3).
   Dex:       It affects your dexterity (+7).
   rPois:     It protects you from poison.
Missiles
 n - 3 poisoned darts
Armour
 i - a +0 pair of boots (worn)
 j - a +0 ring mail (worn)
 k - a +2 pair of gloves (worn)
 p - a +0 cloak (worn)
Magical Staves
 u - a staff of fire
Jewellery
 h - an amulet of reflection (around neck)
Wands
 g - a wand of digging (3)
Scrolls
 c - 2 scrolls of fog
 d - a scroll of magic mapping
 e - 2 scrolls of fear
 f - a scroll of immolation
 q - 2 scrolls of torment
 w - a scroll of identify
 x - a scroll of vulnerability
Potions
 l - 4 potions of curing
 m - a potion of lignification
 o - 2 potions of mutation


   Skills:
 - Level 3.9 Fighting
 - Level 2.7 Maces & Flails
 - Level 5.0 Ranged Weapons
 - Level 2.5 Dodging
 - Level 6.6 Stealth
 + Level 6.2 Spellcasting
 - Level 3.0 Translocations


You had 18 spell levels left.
You knew the following spells:

 Your Spells              Type           Power      Damage    Failure   Level
a - Apportation           Tloc           20%        N/A       10%         1

Your spell library contained the following spells:

 Spells                   Type           Power      Damage    Failure   Level
 Dazzling Flash           Conj/Hex       6%         N/A       67%         3
 Iskenderun's Mystic Bla  Conj/Tloc      6%         2d4       86%         4
 Alistair's Intoxication  Tmut/Pois      2%         N/A       100%        5
 Starburst                Conj/Fire      1%         6d3       100%        6


Dungeon Overview and Level Annotations

Branches:
Dungeon (15/15)
 Temple: D:4-7         Lair: D:8-11         Orc: D:9-12      Vaults: D:13-14
 Depths: D:15

Altars:
Ashenzari
Cheibriados
Elyvilon
Fedhas
Kikubaaqudgha
Nemelex Xobeh
Qazlal
Ru
Trog
Wu Jian
Yredelemnul

Shops:
D:6 :   D:13 (

Annotations:
D:4 exclusions: ball python, orc and scorpion, Blork the orc, Duvessa, Ijyb
D:6 exclusion: sky beast
D:9 Prince Ribbit
D:12 exclusions: acid dragon, cyclops and downstairs
D:14 exclusion: downstairs


Innate Abilities, Weirdness & Mutations

You cannot be hasted, slowed, berserked, paralysed or teleported.
You can dig through walls and to a lower floor.
You have a pair of large antennae on your head. (SInv)
Your four strong arms can wield two-handed weapons with a shield.
You possess an exceptional clarity of mind.
You are robust. (+10% HP)
Your muscles are strong. (Str +4, Int/Dex -1)


Message History

Training target 5.0 for Ranged Weapons reached!
Your Ranged Weapons skill increases to level 5!
Your Spellcasting skill gained 2 levels and is now at level 6!
Unknown command.
Unknown command.
You swap places.
The white ugly thing bites your freezing wraith!
The white ugly thing freezes your freezing wraith.
Your freezing wraith completely resists.
The great orb of eyes barely misses your freezing wraith.
Your freezing wraith hits the great orb of eyes!
Your freezing wraith freezes the great orb of eyes!!
Your freezing wraith hits the great orb of eyes!
The green ugly thing basks in the mutagenic energy from its kin and changes!
The white ugly thing basks in the mutagenic energy from its kin and changes!
The great orb of eyes bites your freezing wraith but does no damage.
Your freezing wraith hits the great orb of eyes but does no damage. x2
Your basilisk bites the great orb of eyes.
The great orb of eyes bites your freezing wraith!
Your basilisk bites the great orb of eyes but does no damage.
Your freezing wraith hits the great orb of eyes but does no damage. x2
The great orb of eyes bites your freezing wraith!
The brown ugly thing basks in the mutagenic energy from its kin and changes!
The red ugly thing completely misses your freezing wraith.
Your basilisk bites the great orb of eyes.
Your freezing wraith hits the great orb of eyes but does no damage. x2
The great orb of eyes bites your freezing wraith!
Your freezing wraith is destroyed!
Your freezing wraith dissolves into shadows!
The red ugly thing closely misses your basilisk.
Your basilisk bites the great orb of eyes!
You shoot an arrow. The arrow hits the white ugly thing.
The white ugly thing is lightly wounded.
The great orb of eyes pulsates ominously.
The great orb of eyes gazes at your basilisk.
Your basilisk struggles to resist.
The white ugly thing trunk-slaps you.
* * * LOW HITPOINT WARNING * * *
The white ugly thing freezes you!!
You die...

.. .# #.## ##..y #..y
{ #..{ #.# #.# ##.#
###########..#
#...........##
#.........###
#.........# ###
#..@lu....### #..
#...uG.u....## ..u
#.........#..#####.#
{
#.........##!.[u#{.##
#.........######†...#
#.........# ####..#
########### # { {


You could see a great orb of eyes (distracted, ally target), 3 ugly things and a
friendly basilisk (summoned).

Vanquished Creatures
  2 centaurs
  A howler monkey (D:9)
  A hound (D:6)
  An orc wizard (D:5)
  2 gnolls
  5 adders
  2 ufetubi
  2 worms
  2 dart slugs
  6 orcs
  2 bats (D:2)
  9 endoplasms
  2 giant cockroaches
  5 goblins
  5 hobgoblins
  14 jackals
  3 kobolds (D:2)
  2 quokkas
  4 ball pythons
  A frilled lizard (D:2)
  7 rats
78 creatures vanquished.

Vanquished Creatures (collateral kills)
  2 ugly things (D:15)
2 creatures vanquished.

Vanquished Creatures (others)
  A butterfly (D:15)
  2 plants
3 creatures vanquished.

Grand Total: 83 creatures vanquished

Notes
Turn   | Place    | Note
-------+----------+-------------------------------------------
     0 | D:5      | petzl the Formicid Delver began the quest for the Orb.
     0 | D:5      | Reached XP level 1. HP: 18/18 MP: 1/1
    60 | D:5      | Noticed an orc wizard
   106 | D:3      | Reached XP level 2. HP: 23/24 MP: 2/2
   441 | D:1      | Reached XP level 3. HP: 26/29 MP: 3/3
  1377 | D:2      | Reached XP level 4. HP: 16/37 MP: 4/4
  1552 | D:2      | Found an ornate altar of the Wu Jian Council.
  2097 | D:2      | Learned a level 1 spell: Apportation
  2297 | D:3      | Found an ancient bone altar of Kikubaaqudgha.
  2398 | D:3      | Reached XP level 5. HP: 42/42 MP: 4/6
  2690 | D:4      | Noticed Duvessa
  2707 | D:4      | Noticed Blork the orc
  2743 | D:4      | Reached skill level 1 in Spellcasting
  2755 | D:4      | Found a blossoming altar of Fedhas.
  2755 | D:4      | Found a stormy altar of Qazlal.
  2785 | D:4      | Reached skill level 1 in Translocations
  2908 | D:3      | Gained mutation: You are clumsy. (Dex -2) [potion of
                  | mutation]
  2908 | D:3      | Gained mutation: You are strong-willed. (Will+) [potion of
                  | mutation]
  2936 | D:4      | Noticed Ijyb
  3134 | D:4      | Noticed an ogre
  3208 | D:4      | You fall into a shaft and drop 1 floor!
  3314 | D:6      | Found a basalt altar of Yredelemnul.
  3346 | D:6      | Found Komn's Self-Improvement Boutique.
  3375 | D:6      | Reached XP level 6. HP: 37/46 MP: 7/9
  3401 | D:7      | Noticed an orc warrior
  3422 | D:6      | Found a broken altar of Ashenzari.
  3593 | D:6      | Noticed a sky beast
  3605 | D:6      | Found a sparkling altar of Nemelex Xobeh.
  3673 | D:6      | You fall into a shaft and drop 3 floors!
  3772 | D:9      | Found a sacrificial altar of Ru.
  3781 | D:9      | Noticed Prince Ribbit
  3785 | D:9      | You fall into a shaft and drop 1 floor!
  3785 | D:10     | Entered Level 10 of the Dungeon
  3785 | D:10     | Found a snail-covered altar of Cheibriados.
  3785 | D:10     | Found a white marble altar of Elyvilon.
  4151 | D:10     | Noticed an unseen horror
  4257 | D:10     | Lost mutation: You are clumsy. (Dex -2) [potion of
                  | mutation]
  4257 | D:10     | Lost mutation: You are strong-willed. (Will+) [potion of
                  | mutation]
  4257 | D:10     | Gained mutation: You have sharp toenails. [potion of
                  | mutation]
  4257 | D:10     | Gained mutation: Your spells are a little harder to cast,
                  | but a little more powerful. [potion of mutation]
  4275 | D:10     | Lost mutation: You have sharp toenails. [potion of
                  | mutation]
  4275 | D:10     | Lost mutation: Your spells are a little harder to cast, but
                  | a little more powerful. [potion of mutation]
  4275 | D:10     | Gained mutation: You possess an exceptional clarity of
                  | mind. [potion of mutation]
  4275 | D:10     | Gained mutation: Your muscles are strong. (Str +4, Int/Dex
                  | -1) [potion of mutation]
  4275 | D:10     | Gained mutation: You are robust. (+10% HP) [potion of
                  | mutation]
  4278 | D:10     | Noticed an orc warrior
  4296 | D:10     | You fall into a shaft and drop 3 floors!
  4347 | D:13     | Noticed a deep elf pyromancer
  4373 | D:12     | Noticed a cyclops
  4451 | D:12     | Noticed an acid dragon
  4591 | D:12     | Found a bloodstained altar of Trog.
  4646 | D:12     | Noticed a manticore
  4768 | D:12     | Reached skill level 1 in Ranged Weapons
  4768 | D:12     | Reached XP level 7. HP: 53/58 MP: 10/12
  4868 | D:13     | Found Uthrofep's Antique Weapon Shop.
  4881 | D:13     | Bought a twisted shortbow for 264 gold pieces
  4881 | D:13     | Identified the +6 shortbow "Jellyslayer" {heavy, rPois
                  | Str+3 Int+3 Dex+7} (You bought it in a shop on level 13 of
                  | the Dungeon)
  4947 | D:13     | Noticed a tengu warrior
  5070 | D:12     | You fall into a shaft and drop 2 floors!
  5070 | D:12     | HP: 1/56 [barbs]
  5354 | D:15     | Entered Level 15 of the Dungeon
  5354 | D:15     | Noticed a wizard
  5354 | D:15     | Noticed a cyan ugly thing
  5354 | D:15     | Noticed a cyan ugly thing
  5354 | D:15     | Noticed a cyan ugly thing
  5354 | D:15     | Noticed a cyan ugly thing
  5354 | D:15     | Noticed a cyan ugly thing
  5355 | D:15     | Noticed a cyan ugly thing
  5369 | D:14     | Noticed a centaur warrior
  5369 | D:14     | Noticed a rakshasa
  5391 | D:14     | Noticed a meliai
  5392 | D:14     | Noticed a meliai
  5392 | D:14     | Noticed a meliai
  5394 | D:14     | Noticed a wraith
  5395 | D:14     | You fall into a shaft and drop 1 floor!
  5484 | D:15     | Noticed a vampire mosquito
  5484 | D:15     | Noticed a vampire mosquito
  5497 | D:15     | Noticed a red ugly thing
  5497 | D:15     | Noticed a great orb of eyes
  5497 | D:15     | Noticed a red ugly thing
  5501 | D:15     | Noticed a brown ugly thing
  5506 | D:15     | Noticed a green ugly thing
  5511 | D:15     | Killed a red ugly thing
  5512 | D:15     | Reached XP level 8. HP: 7/66 MP: 12/15
  5531 | D:15     | Noticed a brown ugly thing
  5532 | D:15     | Killed a red ugly thing
  5533 | D:15     | Reached skill level 5 in Ranged Weapons
  5538 | D:15     | Mangled by a white ugly thing

Illustrated notes

Levels and vault maps discovered:
D:1:      wander_arrival_lonely_grave, layout_basic
D:2:      layout_basic, basic_altar, minmay_misc_feat_ornament, hex_tiny,
          minmay_pentomino_x2
D:3:      layout_rooms, nicolae_kikubaaqudgha_miasma_corner
D:4:      layout_cave_pools, grunt_temple_overflow_forces_of_nature,
          kennysheep_potato, uniq_duvessa, uniq_ijyb, uniq_edmund,
          uniq_blork_the_orc
D:5:      layout_basic, minmay_temple_entry_slanted
D:6:      layout_gridville, nemelex_xobeh_ov_fountains_minmay,
          mainiacjoe_overflow_alcove_4, mainiacjoe_overflow_cross_hatched,
          mainiacjoe_overflow_catwalk, cheibrodos_ashenzari_chains,
          kennysheep_mini_moat, nicolae_shop_self_help
D:7:      layout_basic
D:9:      layout_cave_pools, old_standard_altar, serial_gnoll_camp,
          gnoll_camp_mini_hut, grums_kennel, gnoll_camp_mini_doghouse,
          gnoll_camp_mini_shop, gnoll_camp_mini_loothouse, uniq_prince_ribbit1
D:10:     layout_cross, gammafunk_temple_overflow_wave, serial_shops, shop,
          uniq_grum
D:11:     layout_roguey, erik_orc_3, serial_shops, nicolae_shop_behind_doors,
          slow_altar_2
D:12:     layout_roguey, bloody_trog
D:13:     layout_basic, serial_shops, nicolae_diamond_shop
D:14:     layout_roguey, skrybe_vaults_entry_preservation, minivault_23,
          nicolae_concentric_dashed_squares_mild, uniq_josephine, uniq_lodul
D:15:     gammafunk_enter_depths_forms, layout_rooms,
          nicolae_elyvilon_peaceful_grove

Skill      XL: |  1  2  3  4  5  6  7  8 |
---------------+-------------------------+-----
Dodging        | 2 |  2.5
Spellcasting   | 2 3 4 6 |  6.2
Translocations | 2 3 |  3.0
Ranged Weapons | 1 4 5 |  5.0
Fighting       | |  3.9
Maces & Flails | |  2.7
Stealth        | |  6.6

Action                   |  1- 3 |  4- 6 |  7- 9 || total
-------------------------+-------+-------+-------++-------
Melee: Mace              |     7 |       |       ||     7
       Hand axe          |    41 |   164 |       ||   205
       Punch             |     1 |     4 |       ||     5
 Fire: Shortbow          |       |     6 |     6 ||    12
 Abil: Shaft Self        |       |     4 |     2 ||     6
       Dig               |       |     2 |     2 ||     4
  Use: Scroll            |       |     9 |     7 ||    16
       Potion            |       |     4 |     1 ||     5
 Stab: Sleeping          |     8 |     4 |       ||    12
Armor: Ring mail         |    24 |   118 |     2 ||   144
Dodge: Dodged            |    25 |   185 |     3 ||   213
Block: Other             |       |    23 |     1 ||    24
       Reflection        |       |     1 |       ||     1

Table legend: (Time is in decaauts)
 A = Elapsed time spent in this place.
 B = Non-inter-level travel time spent in this place.
 C = Inter-level travel time spent in this place.
 D = Time resting spent in this place.
 E = Time spent auto-exploring this place.
 F = Levels seen in this place.
 G = Mean time per level.
                   A        B        C        D        E       F      G
               +--------+--------+--------+--------+--------+-----+--------+
         Total |   5715 |   5488 |    227 |   1124 |   2140 |  14 |  408.2 |
       Dungeon |   5715 |   5488 |    227 |   1124 |   2140 |  14 |  408.2 |
               +--------+--------+--------+--------+--------+-----+--------+

Top non-repeatable levels by time:
     D:2: 1456 daAuts
     D:1: 723 daAuts
     D:3: 549 daAuts
    D:12: 545 daAuts
    D:10: 511 daAuts
     D:4: 444 daAuts
     D:6: 358 daAuts
    D:14: 323 daAuts
     D:5: 281 daAuts
    D:13: 218 daAuts
    D:15: 145 daAuts
     D:9: 116 daAuts
     D:7: 27 daAuts
    D:11: 14 daAuts
